 Dungeon Crawl Stone Soup version 0.30-a0-739-gea05faddec (webtiles) character file.

Game seed: 15604240796432703871

90 avis the Shooter (level 4, -2/38 HPs)
             Began as a Demigod Hunter on Feb 5, 2023.
             Slain by an orc
             ... wielding a +0 mace
              (6 damage)
             ... on level 3 of the Dungeon.
             The game lasted 00:09:03 (2072 turns).

avis the Shooter (Demigod Hunter)                   Turns: 2072, Time: 00:09:04

Health: -2/38      AC:  3    Str: 12    XL:     4   Next: 11%
Magic:  6/6        EV: 12    Int: 11    God:
Gold:   106        SH:  5    Dex: 21    Spells: 3/3 levels left

rFire   . . .      SeeInvis .    b - +0 shortbow
rCold   . . .      Faith    .    (shield currently unavailable)
rNeg    + . .      Spirit   .    c - +0 leather armour
rPois   .          Reflect  +    (no helmet)
rElec   .          Harm     .    (no cloak)
rCorr   .          Rampage  .    (no gloves)
Will    .....                    (no boots)
Stlth   ++                       h - amulet of reflection
HPRegen 0.26/turn                p - ring of positive energy
MPRegen 0.10/turn                (no ring)

@: no status effects
A: high MP 1, forlorn, divine attributes
a: no special abilities


You were on level 3 of the Dungeon.
You visited 1 branch of the dungeon, and saw 3 of its levels.

You collected 106 gold pieces.

Inventory:

Hand Weapons
 a - a +0 dagger
 b - a +0 shortbow (weapon)
 o - a +0 sling
Missiles
 n - 3 atropa-tipped darts
Armour
 c - a +0 leather armour (worn)
 q - a +0 buckler
Jewellery
 h - an amulet of reflection (around neck)
 p - a ring of positive energy (left hand)
Scrolls
 d - a scroll of brand weapon {unknown}
 f - a scroll of magic mapping {unknown}
 l - a scroll of immolation
 m - 2 scrolls of blinking {unknown}
 r - a scroll of identify {unknown}
 s - a scroll of silence {unknown}
 t - a scroll of butterflies {unknown}
Potions
 e - 2 potions of attraction {unknown}
 g - 2 potions of heal wounds {unknown}
 i - 4 potions of curing {unknown}
 j - a potion of cancellation {unknown}
 k - a potion of lignification {unknown}


   Skills:
 - Level 3.0 Fighting
 * Level 4.7 Ranged Weapons
 - Level 1.7 Dodging
 - Level 0.8 Stealth


You had 3 spell levels left.
You didn't know any spells.
Your spell library contained the following spells:

 Spells                   Type           Power      Damage    Failure   Level
 Blade Hands              Tmut           0%         N/A       100%        5
 Irradiate                Conj/Tmut      0%         3d11      100%        5
 Dragon Form              Tmut           0%         N/A       100%        7


Dungeon Overview and Level Annotations

Branches:
Dungeon (3/15)


Innate Abilities, Weirdness & Mutations

You have an increased reservoir of magic. (+10% MP)
You shall have no god before yourself.
Your divine heritage dramatically boosts your attributes as you level up.


Message History

The adder hisses angrily.
The orc shouts! x2
Fire: b) +0 shortbow
Press: ? - help, Q - select action, (/) - cycle Shift-Dir - straight line, f/p - adder
Aim: an adder (50% to hit)
You shoot an arrow. The arrow hits the adder!
The adder is almost dead.
The adder barely misses you.
Fire: b) +0 shortbow
Press: ? - help, Q - select action, (/) - cycle Shift-Dir - straight line, f/p - adder
Aim: an adder (almost dead, 50% to hit)
You shoot an arrow. The arrow completely misses the adder.
The adder misses you.
The orc priest mumbles some strange prayers to Beogh against you.
Beogh smites you! The adder barely misses you.
Fire: b) +0 shortbow
Press: ? - help, Q - select action, (/) - cycle Shift-Dir - straight line, f/p - adder
Aim: an adder (almost dead, 50% to hit)
You shoot an arrow. The arrow completely misses the adder.
The adder bites you. You block the adder's attack.
Fire: b) +0 shortbow
Press: ? - help, Q - select action, (/) - cycle Shift-Dir - straight line, f/p - adder
Aim: an adder (almost dead, 50% to hit)
You shoot an arrow. The arrow misses the adder.
The adder barely misses you.
The orc priest mumbles some strange prayers to Beogh against you.
You barely resist. The orc hits you with a +0 mace!
The orc hits you with a +0 flail.
* * * LOW HITPOINT WARNING * * *
The adder barely misses you.
Fire: b) +0 shortbow
Press: ? - help, Q - select action, (/) - cycle Shift-Dir - straight line, f/p - adder
Aim: an adder (almost dead, 50% to hit)
You shoot an arrow. The arrow hits the adder.
You kill the adder!
The orc priest invokes the aid of Beogh against you.
Beogh smites you!
* * * LOW HITPOINT WARNING * * *
You block the orc's attack. The orc hits you with a +0 mace.
You die...

#####
#...##
#..oo##
#..@o.#
####...#
.#..# ..
..# #..
... ##.
#. .# .
..######


You could see an orc priest and 2 orcs.

Vanquished Creatures
  3 adders
  2 worms
  3 dart slugs
  2 ball pythons
  3 bats (D:1)
  7 endoplasms
  2 giant cockroaches
  8 goblins
  3 hobgoblins
  7 jackals (D:1)
  A quokka (D:1)
  7 frilled lizards
  3 kobolds
  5 rats
56 creatures vanquished.

Notes
Turn   | Place    | Note
-------+----------+-------------------------------------------
     0 | D:1      | avis the Demigod Hunter began the quest for the Orb.
     0 | D:1      | Reached XP level 1. HP: 17/17 MP: 3/3
   164 | D:1      | Reached skill level 4 in Ranged Weapons
   165 | D:1      | Reached XP level 2. HP: 24/24 MP: 4/4
   516 | D:1      | Reached XP level 3. HP: 26/30 MP: 5/5
  1671 | D:2      | Reached XP level 4. HP: 38/38 MP: 6/6
  2072 | D:3      | Slain by an orc

Illustrated notes

Levels and vault maps discovered:
D:1:      tarquinn_simple_flora_water_e, layout_loops_ring
D:2:      layout_basic, shapermc_ecumenical_altar_pompeii
D:3:      layout_rooms, ebering_ghost_disaster_area

Skill      XL: |  1  2  3 |
---------------+----------+-----
Fighting       | 2 3 |  3.0
Ranged Weapons | 4 |  4.7
Dodging        | |  1.7
Stealth        | |  0.8

Action                     |  1- 3 |  4- 6 || total
---------------------------+-------+-------++-------
   Fire: Shortbow          |   106 |    16 ||   122
 Armour: Leather armour    |     9 |       ||     9
  Dodge: Dodged            |    15 |     5 ||    20
  Block: Other             |     3 |     2 ||     5

Table legend: (Time is in decaauts)
 A = Elapsed time spent in this place.
 B = Non-inter-level travel time spent in this place.
 C = Inter-level travel time spent in this place.
 D = Time resting spent in this place.
 E = Time spent auto-exploring this place.
 F = Levels seen in this place.
 G = Mean time per level.
                   A        B        C        D        E       F      G
               +--------+--------+--------+--------+--------+-----+--------+
         Total |   2113 |   1903 |    210 |    169 |   1317 |   3 |  704.3 |
       Dungeon |   2113 |   1903 |    210 |    169 |   1317 |   3 |  704.3 |
               +--------+--------+--------+--------+--------+-----+--------+

Top non-repeatable levels by time:
     D:2: 1148 daAuts
     D:1: 845 daAuts
     D:3: 119 daAuts
